 Dungeon Crawl Stone Soup version 0.26-a0-30-g56b8cd3df0 (webtiles) character file.

Game seed: 15057687655703102288, levelgen mode: deterministic

614 Gwenloh the Gusty (level 7, -2/40 HPs)
             Began as a Tengu Air Elementalist on June 3, 2020.
             Slain by Pikel
             ... wielding a +2 whip of freezing
              (6 damage)
             ... on level 4 of the Dungeon.
             The game lasted 00:21:13 (4990 turns).

Gwenloh the Gusty (Tengu Air Elementalist)          Turns: 4990, Time: 00:21:13

Health: -2/40      AC:  2    Str:  9    XL:     7   Next: 44%
Magic:  5/12       EV: 16    Int: 17    God:
Gold:   265        SH:  0    Dex: 14    Spells: 2/12 levels left

rFire    . . .     SeeInvis .   f - +0 dagger (venom)
rCold    . . .     Gourm    .   (no shield)
rNeg     . . .     Faith    .   a - +0 robe
rPois    .         Spirit   .   (helmet restricted)
rElec    .         Reflect  .   (no cloak)
rCorr    .         Harm     .   (no gloves)
MR       .....                  (boots unavailable)
Stlth    ++........             (no amulet)
HPRegen  0.13/turn              (no ring)
MPRegen  0.13/turn              (no ring)

@: flying quickly and evasively, quick
A: beak, talons 3, able to fly
a: Stop Flying


You were on level 4 of the Dungeon.
You were hungry.

You visited 1 branch of the dungeon, and saw 4 of its levels.

You collected 265 gold pieces.

Inventory:

Hand Weapons
 f - a +0 dagger of venom (weapon)
Armour
 a - a +0 robe (worn)
Scrolls
 b - 2 scrolls of identify {unknown}
 g - a scroll of enchant armour {unknown}
 h - a scroll of fog {unknown}
 i - a scroll of remove curse {unknown}
 j - 4 scrolls of teleportation {unknown}
 l - a scroll of immolation {unknown}
Potions
 d - a potion of stabbing {unknown}
 e - 5 potions of curing {unknown}
 k - a potion of brilliance {unknown}
 n - a potion of might {unknown}
Comestibles
 c - 7 rations


   Skills:
 + Level 2.3 Fighting
 + Level 3.5 Dodging
 + Level 3.5 Stealth
 + Level 3.0 Spellcasting
 * Level 5.3 Conjurations
 * Level 6.5 Air Magic


You had 2 spell levels left.
You knew the following spells:

 Your Spells              Type           Power        Failure   Level  Hunger
a - Shock                 Conj/Air       ###.         1%          1    None
b - Swiftness             Chrm/Air       ##......     7%          2    ##.....
c - Static Discharge      Conj/Air       ###.....     4%          3    ###....
d - Airstrike             Air            ###.......   12%         4    ####...

Your spell library contained the following spells:

 Spells                   Type           Power        Failure   Level  Hunger
 Magic Dart               Conj           ###.         1%          1    None
 Blink                    Tloc           N/A          26%         2    ##.....
 Call Imp                 Summ           #.......     26%         2    ##.....
 Slow                     Hex            #.......     26%         2    ##.....
 Mephitic Cloud           Conj/Pois/Air  ###.....     11%         3    ###....
 Conjure Flame            Conj/Fire      ##......     19%         3    ###....
 Lightning Bolt           Conj/Air       ###.......   38%         5    ######.


Dungeon Overview and Level Annotations

Branches:
Dungeon (4/15)
 Temple: D:4-7

Altars:
Ashenzari
Gozag
Makhleb
Okawaru
Qazlal
Uskayaw
Zin

Annotations:
D:4 Pikel


Innate Abilities, Weirdness & Mutations

You have a beak for a mouth.
You have claws for feet.
You can fly continuously.


Message History

Pikel is heavily wounded.
Pikel barely misses you.
You hit Pikel.
Pikel looks as sick as possible!
You peck Pikel, but do no damage.
Pikel is heavily wounded.
Pikel hits you with a +2 whip of freezing!
Pikel freezes you.
You hit Pikel but do no damage.
Pikel looks as sick as possible!
Pikel is severely wounded.
Pikel misses you.
You closely miss Pikel.
Pikel is severely wounded.
Pikel hits you with a +2 whip of freezing!
* * * LOW HITPOINT WARNING * * *
Pikel freezes you.
* * * LOW HITPOINT WARNING * * *
Unknown command.
Okay, then.
Pikel hits you with a +2 whip of freezing.
You die...

.##.....#.##....####[############
##....#.#.##..........#..........
#.....'...#...........#..........
......#...#.........).#..........
......##..#.....#######..........
..........#.....### ######'###.
..........#.......# #........
..........#.##....# #........
..........#.##.K@.# #........
.........>#)##....# #####........
.........##)##....# #....(.......
###########.####### #..O.........
#######'#########[...........
................#............
................'............
................#)...########
......(.........#....#


You could see Pikel (extremely poisoned).

Vanquished Creatures
  4 slaves (D:4)
  3 ogres
  A centaur (D:4)
  A howler monkey (D:4)
  3 iron imps (D:4)
  A worker ant (D:4)
  6 adders
  2 worms (D:2)
  A dart slug (D:2)
  3 leopard geckos (D:1)
  5 orcs
  11 bats
  A giant cockroach (D:1)
  8 goblins
  3 hobgoblins (D:1)
  2 jackals (D:1)
  A ball python (D:1)
  6 frilled lizards
  11 kobolds
  A quokka skeleton (D:4)
  6 rats
80 creatures vanquished.

Notes
Turn   | Place    | Note
-------+----------+-------------------------------------------
     0 | D:1      | Gwenloh the Tengu Air Elementalist began the quest for the
                  | Orb.
     0 | D:1      | Reached XP level 1. HP: 10/10 MP: 4/4
   197 | D:1      | Reached XP level 2. HP: 15/15 MP: 3/6
   201 | D:1      | Learned a level 2 spell: Swiftness
   671 | D:1      | Reached XP level 3. HP: 20/20 MP: 0/7
  1043 | D:1      | Learned a level 3 spell: Static Discharge
  1045 | D:2      | Noticed an ogre
  1316 | D:2      | Reached skill level 1 in Fighting
  1316 | D:2      | Reached XP level 4. HP: 18/25 MP: 1/8
  1631 | D:2      | Killed an ogre
  1631 | D:2      | Reached skill level 5 in Air Magic
  1631 | D:2      | Gained mutation: You can fly continuously. [Tengu growth]
  1631 | D:2      | Reached XP level 5. HP: 24/29 MP: 2/9
  1999 | D:2      | Found a hide-covered altar of Uskayaw.
  1999 | D:2      | Found a glowing silver altar of Zin.
  1999 | D:2      | Found a shattered altar of Ashenzari.
  2183 | D:2      | Found a stormy altar of Qazlal.
  2708 | D:3      | Found an iron altar of Okawaru.
  2993 | D:4      | Noticed a centaur
  3010 | D:4      | Killed a centaur
  3010 | D:4      | Reached XP level 6. HP: 8/35 MP: 3/10
  3515 | D:4      | Reached skill level 6 in Air Magic
  3750 | D:4      | Reached XP level 7. HP: 40/40 MP: 6/12
  3810 | D:4      | Learned a level 4 spell: Airstrike
  3813 | D:4      | Noticed Pikel
  3876 | D:4      | Reached skill level 5 in Conjurations
  4088 | D:4      | Found a burning altar of Makhleb.
  4605 | D:4      | Found an opulent altar of Gozag.
  4990 | D:4      | Slain by Pikel

Illustrated notes

Levels and vault maps discovered:
D:1:      tarquinn_simple_flora_water_f, layout_rooms, grunt_decor_clamped,
          minmay_fountain_box
D:2:      layout_rooms, gammafunk_temple_overflow_claw,
          nicolae_qazlal_general_emergency, first_ration
D:3:      layout_rooms, okawaru_ov_weapons_minmay
D:4:      layout_basic, nicolae_gozag_cash_rules_everything_around_me,
          demons_altar, nrook_mini_backslash, uniq_pikel

Skill      XL: |  1  2  3  4  5  6  7 |
---------------+----------------------+-----
Conjurations   | 2 3 4 5 |  5.3
Fighting       | 1 2 |  2.3
Air Magic      | 5 6 |  6.5
Dodging        | 3 |  3.5
Stealth        | 3 |  3.5
Spellcasting   | 3 |  3.0

Action                   |  1- 3 |  4- 6 |  7- 9 || total
-------------------------+-------+-------+-------++-------
Melee: Unarmed           |     9 |       |       ||     9
       Kick              |     5 |     3 |     3 ||    11
       Peck              |     3 |     3 |     5 ||    11
       Dagger            |    16 |    12 |    22 ||    50
 Cast: Shock             |    75 |    70 |    32 ||   177
       Static Discharge  |       |    10 |     7 ||    17
       Airstrike         |       |       |    12 ||    12
 Abil: Fly               |       |     1 |       ||     1
  Eat: Chunk             |     3 |     8 |       ||    11
       Ration            |       |       |     2 ||     2
Armor: Robe              |     9 |       |     3 ||    12
Dodge: Dodged            |    18 |    19 |    25 ||    62

Table legend:
 A = Non-vault XP
 B = Vault XP
 C = Vault XP percentage of total XP
 D = Non-vault monster count
 E = Vault monster count
 F = Vault count percentage of total count
                 A         B        C        D         E       F
            +---------+---------+-------+---------+---------+-------
      Total |     757 |     121 |  13.8 |      73 |       3 |   3.9
            +---------+---------+-------+---------+---------+-------
        D:1 |      46 |       0 |   0.0 |      26 |       0 |   0.0
        D:2 |     211 |       0 |   0.0 |      22 |       0 |   0.0
        D:3 |      22 |       0 |   0.0 |      13 |       0 |   0.0
        D:4 |     478 |     121 |  20.2 |      12 |       3 |  20.0
            +---------+---------+-------+---------+---------+-------
